 Dungeon Crawl Stone Soup version 0.28.0-53-g5a82cb258f (webtiles) character file.

Game seed: 6195692876119351606

40 Brotato the Skirmisher (level 3, 0/29 HPs)
             Began as a Demonspawn Abyssal Knight on June 6, 2022.
             Was a Follower of Lugonu.
             Slain by a gnoll
             ... wielding a +0 spear
              (5 damage)
             ... on level 2 of the Dungeon.
             The game lasted 00:03:34 (1237 turns).

Brotato the Skirmisher (Demonspawn Abyssal Knight)  Turns: 1237, Time: 00:03:34

Health: 0/29       AC:  3    Str: 15    XL:     3   Next: 30%
Magic:  5/5        EV: 11    Int: 11    God:    Lugonu [*.....]
Gold:   45         SH:  0    Dex: 13    Spells: 2/2 levels left

rFire   . . .      SeeInvis .   c - +1 dagger (freeze)
rCold   . . .      Faith    .   (no shield)
rNeg    . . .      Spirit   .   b - +0 leather armour
rPois   .          Reflect  .   (no helmet)
rElec   .          Harm     .   (no cloak)
rCorr   .          Rampage  .   (no gloves)
Will    .....                   (no boots)
Stlth   +.........              (no amulet)
HPRegen 0.09/turn               (no ring)
MPRegen 0.09/turn               (no ring)

@: no status effects
A: claws 1, spiny 1
a: Renounce Religion, Depart the Abyss


You were on level 2 of the Dungeon.
You worshipped Lugonu.
Lugonu was aware of your devotion.
You visited 1 branch of the dungeon, and saw 2 of its levels.
You visited the Abyss 1 time.

You collected 45 gold pieces.

Inventory:

Hand Weapons
 a - a +1 falchion
 c - a +1 dagger of freezing (weapon)
Armour
 b - a +0 leather armour (worn)
Scrolls
 d - 2 scrolls of identify {unknown}
 f - a scroll of immolation {unknown}
 g - a scroll of holy word {unknown}
Potions
 e - 5 potions of curing {unknown}


   Skills:
 + Level 3.2 Fighting
 + Level 0.5(1.4) Short Blades
 + Level 2.1 Long Blades
 + Level 2.1 Armour
 + Level 1.3 Dodging
 + Level 0.6 Stealth
 + Level 2.9 Invocations


You had 2 spell levels left.
You didn't know any spells.
Your spell library contained the following spells:

 Spells                   Type           Power      Damage    Failure   Level
 Animate Skeleton         Necr           0%         N/A       41%         1
 Apportation              Tloc           0%         N/A       41%         1
 Summon Small Mammal      Summ           0%         N/A       41%         1


Dungeon Overview and Level Annotations

Branches:
Dungeon (2/15)

Altars:


Innate Abilities, Weirdness & Mutations

You have sharp fingernails.
You are partially covered in sharp spines.


Message History

You kill the rat!
Lugonu accepts your kill.
No target in view!
You see here a rat corpse.
A ball python and 2 gnolls come into view.
A ball python and a gnoll come into view.
The ball python moves out of view.
A gnoll comes into view. It is wielding a +0 club.
The gnoll shouts! x2
You see here a rat corpse.
The ball python closely misses you.
You hit the ball python. You freeze the ball python.
You kill the ball python!
Lugonu accepts your kill. The ball python closely misses you.
You barely miss the ball python.
The ball python bites you but does no damage.
The gnoll hits you from afar with a +0 spear.
You hit the ball python. You freeze the ball python.
You kill the ball python!
Lugonu accepts your kill. The gnoll barely misses you.
The gnoll barely misses you.
You hit the gnoll. You freeze the gnoll.
The gnoll is moderately wounded.
The gnoll hits you with a +0 spear! The gnoll closely misses you.
The gnoll shouts!
You hit the gnoll but do no damage.
The gnoll is moderately wounded.
The gnoll is struck by your spines. The gnoll barely misses you.
You barely miss the gnoll.
The gnoll is heavily wounded.
The gnoll hits you from afar with a +0 spear.
The gnoll is struck by your spines. The gnoll hits you with a +0 spear.
You barely miss the gnoll.
The gnoll is almost dead.
The gnoll hits you from afar with a +0 spear.
* * * LOW HITPOINT WARNING * * *
The gnoll hits you with a +0 spear.
You die...

######.. .. . # #.##. ....
#..# ### ##########..###....
####...............#
##...#########..## ...###
#.....# # ....##
#.###@#######....
#.#<.#######.###g#.........
..##(........##..g....# .##
................##.##.#...#.
#####........#..#...#.....g.
# #........##.......# #
#.......###.#........#
#.......# #.##.#........
#.......# #.........#.##


You could see 2 gnolls.

Vanquished Creatures
  An adder (D:2)
  A dart slug (D:1)
  3 ball pythons
  2 endoplasms (D:1)
  4 goblins (D:1)
  3 hobgoblins
  3 jackals (D:1)
  2 quokkas (D:1)
  3 bats
  2 frilled lizards (D:1)
  3 rats
27 creatures vanquished.

Notes
Turn   | Place    | Note
-------+----------+-------------------------------------------
     0 | Abyss:1  | Brotato the Demonspawn Abyssal Knight began the quest for
                  | the Orb.
     0 | Abyss:1  | Reached XP level 1. HP: 18/18 MP: 2/2
    45 | Abyss:1  | Noticed a will-o-the-wisp
    46 | D:1      | Escaped the Abyss
    90 | D:1      | Reached skill level 1 in Dodging
   426 | D:1      | Discovered your monstrous ancestry.
   426 | D:1      | Gained mutation: You have sharp fingernails. [demonic
                  | ancestry]
   426 | D:1      | Reached XP level 2. HP: 24/24 MP: 4/4
   801 | D:1      | Found a faded altar of an unknown god.
   850 | D:1      | Reached * piety under Lugonu
  1175 | D:2      | Gained mutation: You are partially covered in sharp spines.
                  | [demonic ancestry]
  1175 | D:2      | Reached XP level 3. HP: 25/29 MP: 5/5
  1237 | D:2      | Slain by a gnoll

Illustrated notes

Levels and vault maps discovered:
D:1:      minmay_arrival_split_and_join, layout_rooms,
          shapermc_ecumenical_altar_venn
D:2:      layout_rooms, hangedman_decor_clover_reticule, uniq_terence

Skill      XL: |  1  2 |
---------------+-------+-----
Dodging        | 1 |  1.3
Long Blades    | 2 |  2.1
Armour         | 2 |  2.1
Fighting       | |  3.2
Short Blades   | |  0.5
Stealth        | |  0.6
Invocations    | |  2.9

Action                   || total
-------------------------++-------
Melee: Dagger            ||    80
       Falchion          ||     9
Invok: Depart the Abyss  ||     1
 Stab: Sleeping          ||     1
Armor: Leather armour    ||    29
Dodge: Dodged            ||    47
